 Dungeon Crawl Stone Soup version 0.31-a0-174-g85c54bcb58 (webtiles) character file.

Game seed: 16636178245191041749

750 qw the Chopper (level 7, -4/44 HPs)
             Began as a Gargoyle Fighter on June 15, 2023.
             Slain by Pikel
             ... wielding a +0 whip of freezing
              (6 damage)
             ... on level 5 of the Dungeon.
             The game lasted 00:02:04 (3753 turns).

qw the Chopper (Gargoyle Fighter)                   Turns: 3753, Time: 00:02:04

Health: -4/44      AC: 17    Str: 21    XL:     7   Next: 78%
Magic:  7/7        EV:  8    Int:  9    God:
Gold:   219        SH:  4    Dex:  9    Spells: 6/6 levels left

rFire   . . .        Y - +2 war axe (elec)
rCold   . . .        c - +0 buckler
rNeg    + . .        f - +0 chain mail
rPois   inf          (no helmet)
rElec   +            (no cloak)
rCorr   .            k - +2 pair of gloves
SInv    .            (no boots)
Will    +....        (no amulet) Stlth
                     m - ring of willpower
HPRegen 0.27/turn    (no ring)
MPRegen 0.10/turn

%: no passive effects
@: no status effects
A: sickness immunity, AC +4, negative energy resistance 1, electricity
resistance, torment resistance 1, petrification resistance
a: no special abilities


You were on level 5 of the Dungeon.
You visited 1 branch of the dungeon, and saw 5 of its levels.

You collected 219 gold pieces.


Innate Abilities, Weirdness & Mutations

You are immune to sickness and miasma.
Your stone body is resilient. (AC +4)
You are immune to poison.
You resist negative energy. (rN+)
You are resistant to electric shocks. (rElec)
You are resistant to unholy torment.
You are immune to petrification.


   Skills:
 - Level 5.0 Fighting
 + Level 7.0 Axes
 - Level 3.2 Armour
 - Level 1.0 Dodging
 - Level 3.2 Shields


You had 6 spell levels left.
You didn't know any spells.
Your spell library was empty.

Inventory:

Hand Weapons
 b - a +0 flail
 Y - a +2 war axe of electrocution (weapon)
Armour
 c - a +0 buckler (worn)
 f - a +0 chain mail (worn)
 k - a +2 pair of gloves (worn)
Jewellery
 m - a ring of willpower (left hand)
Scrolls
 a - a scroll of identify
 n - a scroll of teleportation
Potions
 d - a potion of might
 e - a potion of curing
 g - a potion of cancellation
 h - 2 potions of haste
 i - a potion of ambrosia {unknown}
 j - a potion of heal wounds
 l - a potion of lignification
 o - a potion of attraction {unknown}

Dungeon Overview and Level Annotations

Branches:
Dungeon (5/15)
 Temple: D:4-7

Altars:
Dithmenos
Elyvilon
Hepliaklqana
Kikubaaqudgha
Makhleb
Qazlal

Annotations:
D:3 3 runed translucent doors, qw's ghost, amateur GrHu
D:5 Pikel


Message History

Pikel hits you but does no damage. The lemure hits you. x2
You closely miss the lemure.
The lemure is moderately wounded.
You closely miss the lemure. You barely miss Pikel.
The lemure hits you but does no damage. The lemure closely misses you.
Pikel says, "Hell isn't that bad."
Pikel hits you but does no damage.
You barely miss the lemure.
The lemure is moderately wounded.
You barely miss the lemure. You closely miss Pikel.
You closely miss the lemure. Pikel hits you but does no damage.
The lemure barely misses you. You block the lemure's attack. x2
You closely miss the lemure.
The lemure is moderately wounded.
You closely miss the lemure. You hit Pikel. Lightning courses through Pikel!
You slash the lemure! The lemure hits you but does no damage.
Pikel hits you with a +0 whip of freezing.
Pikel freezes you. The lemure barely misses you.
The lemure hits you but does no damage.
You hit Pikel.
Pikel is moderately wounded.
You barely miss the lemure. You hit the lemure. You closely miss the lemure.
The lemure hits you but does no damage. Pikel hits you but does no damage.
The lemure closely misses you. The lemure hits you but does no damage.
You closely miss Pikel.
Pikel is moderately wounded.
You barely miss the lemure. x2; You closely miss the lemure.
Pikel hits you with a +0 whip of freezing.
Pikel freezes you.
The lemure hits you but does no damage. x2
The lemure completely misses you.
You hit Pikel. Lightning courses through Pikel!!
Pikel is almost dead.
You hit the lemure but do no damage. You miss the lemure.
You barely miss the lemure. Pikel hits you but does no damage.
The lemure hits you. x2
The lemure closely misses you. x2; The lemure hits you but does no damage.
Pikel cracks his whip.
Pikel hits you with a +0 whip of freezing.
You die...

#.......................#..##..
###.......................'.###..
......##########.......###### ###
......# #######.......# ......#
...............#
......#................#
.....##................#
...............55.#+#+##
..[.K..........K@...#
...............5%..##
.........###.....### ...!.....#
#.....# .........# ####..#
....###### #.## ....# #. ..... ..
.....#


You could see Pikel and 3 lemures.

Vanquished Creatures
  Sigmund (D:4)
  Duvessa (D:5)
  A phantom (D:4)
  A lemure (D:5)
  2 scorpions
  Dowan (D:5)
  2 hounds
  7 adders
  2 shadow imps (D:5)
  An ufetubus (D:5)
  2 worms
  2 dart slugs
  6 orcs
  12 ball pythons
  8 endoplasms
  4 giant cockroaches
  7 goblins
  9 hobgoblins
  2 jackals (D:4)
  7 kobolds
  8 quokkas
  4 bats
  A frilled lizard (D:2)
  7 rats
98 creatures vanquished.

Notes
Turn   | Place    | Note
-------+----------+-------------------------------------------
     0 | D:1      | qw the Gargoyle Fighter began the quest for the Orb.
     0 | D:1      | Reached XP level 1. HP: 14/14 MP: 1/1
     0 | D:1      | 0 ||| qw: Version: 0.2-a-29-g511e9b1
     0 | D:1      | 0 ||| qw: Game counter: 5359
     0 | D:1      | 0 ||| qw: Always use a shield: true
     0 | D:1      | 0 ||| qw: God list: Okawaru
     0 | D:1      | 0 ||| qw: Allow faded altars: false
     0 | D:1      | 0 ||| qw: Do Orc after D:15 true
     0 | D:1      | 0 ||| qw: Do second Lair branch before Depths: true
     0 | D:1      | 0 ||| qw: Lair rune preference: random
     0 | D:1      | 0 ||| qw: Plans: Normal, Zot:1-4, Slime:5, God:TSO, Crypt,
                  | Tomb, Abyss, Pan, Hells, Win
     0 | D:1      | 0 ||| PLANNING D:1-11
    65 | D:1      | Reached skill level 2 in Axes
    66 | D:1      | 66 ||| FLEEEEING.
    67 | D:1      | 67 ||| FLEEEEING.
   198 | D:1      | Reached XP level 2. HP: 19/19 MP: 2/2
   344 | D:1      | 344 ||| DROPPING +0 whip.
   430 | D:1      | Reached skill level 3 in Axes
   591 | D:1      | Found a shadowy altar of Dithmenos.
   688 | D:1      | Reached XP level 3. HP: 23/23 MP: 3/3
   849 | D:1      | 849 ||| READING scroll labelled OBUPTUCEPN.
   857 | D:1      | 857 ||| READING scroll labelled HUAMYA CURGHEXI.
   884 | D:1      | 884 ||| READING scroll labelled YDWUH XEFABA.
   890 | D:1      | 890 ||| DRINKING 2 dark potions.
   961 | D:2      | Identified the +6 dagger of the Gnashing Oracle {flame,
                  | Str+3 Dex+3}
  1011 | D:2      | 1011 ||| Stepping ~*~*~tactically~*~*~ (stealth).
  1149 | D:2      | 1149 ||| Stepping ~*~*~tactically~*~*~ (stealth).
  1150 | D:2      | 1150 ||| Stepping ~*~*~tactically~*~*~ (stealth).
  1204 | D:2      | Found a stormy altar of Qazlal.
  1271 | D:2      | Reached XP level 4. HP: 28/28 MP: 4/4
  1300 | D:2      | Reached skill level 4 in Axes
  1510 | D:2      | You fall into a shaft and drop 2 floors!
  1529 | D:4      | 1529 ||| UPGRADING to +0 chain mail.
  1539 | D:4      | 1539 ||| DROPPING +0 scale mail.
  1540 | D:4      | 1540 ||| UPGRADING to ring of willpower.
  1541 | D:4      | 1541 ||| READING 5 scrolls labelled HUCICK CAUHAOCW.
  1542 | D:4      | 1542 ||| READING scroll labelled GEDEFE MAORA.
  1543 | D:4      | 1543 ||| DRINKING 2 metallic emerald potions.
  1587 | D:4      | 1587 ||| READING 4 scrolls of identify.
  1587 | D:4      | 1587 ||| IDENTIFYING purple potion
  1588 | D:4      | 1588 ||| READING 3 scrolls of identify.
  1588 | D:4      | 1588 ||| IDENTIFYING coppery potion
  1589 | D:4      | 1589 ||| READING 2 scrolls of identify.
  1589 | D:4      | 1589 ||| IDENTIFYING white potion
  1590 | D:4      | 1590 ||| DROPPING potion of brilliance.
  1638 | D:3      | 1638 ||| DROPPING +0 mace.
  1727 | D:3      | 1727 ||| Stepping ~*~*~tactically~*~*~ (stealth).
  1829 | D:3      | 1829 ||| Stepping ~*~*~tactically~*~*~ (stealth).
  1831 | D:3      | 1831 ||| Stepping ~*~*~tactically~*~*~ (hiding).
  1841 | D:3      | Found a runed translucent gate.
  1841 | D:3      | Found a runed translucent gate.
  1841 | D:3      | Found a runed translucent gate.
  1842 | D:3      | Noticed qw's ghost (amateur GrHu)
  1842 | D:3      | Noticed a kobold brigand
  1878 | D:3      | Found a hazy altar of Hepliaklqana.
  1885 | D:3      | Found a white marble altar of Elyvilon.
  1916 | D:3      | 1916 ||| Stepping ~*~*~tactically~*~*~ (hiding).
  1917 | D:3      | 1917 ||| Stepping ~*~*~tactically~*~*~ (hiding).
  1921 | D:3      | 1921 ||| Stepping ~*~*~tactically~*~*~ (hiding).
  1954 | D:3      | Reached XP level 5. HP: 32/32 MP: 5/5
  2034 | D:3      | 2034 ||| Stepping ~*~*~tactically~*~*~ (stealth).
  2187 | D:3      | 2187 ||| Stepping ~*~*~tactically~*~*~ (stealth).
  2578 | D:3      | 2578 ||| READING scroll labelled TUISAFA ROFOOH.
  2579 | D:3      | 2579 ||| READING 2 scrolls of identify.
  2579 | D:3      | 2579 ||| IDENTIFYING glowing purple potion
  2631 | D:4      | 2631 ||| Stepping ~*~*~tactically~*~*~ (hiding).
  2660 | D:4      | 2660 ||| Stepping ~*~*~tactically~*~*~ (stealth).
  2671 | D:4      | Reached skill level 5 in Axes
  2681 | D:4      | 2681 ||| Stepping ~*~*~tactically~*~*~ (stealth).
  2692 | D:4      | Found a burning altar of Makhleb.
  2711 | D:4      | 2711 ||| Stepping ~*~*~tactically~*~*~ (stealth).
  2759 | D:4      | 2759 ||| Stepping ~*~*~tactically~*~*~ (stealth).
  2765 | D:4      | Noticed a phantom
  2779 | D:4      | Killed a phantom
  2780 | D:4      | Reached XP level 6. HP: 34/39 MP: 6/6
  2828 | D:4      | Noticed Sigmund
  2834 | D:4      | Killed Sigmund
  2835 | D:4      | Reached skill level 6 in Axes
  2835 | D:4      | Reached XP level 7. HP: 37/44 MP: 7/7
  2888 | D:4      | 2888 ||| Stepping ~*~*~tactically~*~*~ (hiding).
  3105 | D:4      | 3105 ||| READING scroll of enchant weapon.
  3105 | D:4      | 3105 ||| ENCHANTING +1 war axe of electrocution.
  3265 | D:4      | 3265 ||| UPGRADING to +2 pair of gloves.
  3270 | D:4      | 3270 ||| READING scroll labelled YCZAWO NERGHE.
  3271 | D:4      | 3271 ||| READING scroll labelled TUUCWU YVVIRAU.
  3296 | D:5      | Entered Level 5 of the Dungeon
  3319 | D:5      | Found an ancient bone altar of Kikubaaqudgha.
  3329 | D:5      | Noticed Duvessa
  3330 | D:5      | Reached skill level 1 in Dodging
  3331 | D:5      | Noticed Dowan
  3338 | D:5      | Killed Duvessa
  3345 | D:5      | 3345 ||| Stepping ~*~*~tactically~*~*~ (hiding).
  3350 | D:5      | 3350 ||| Stepping ~*~*~tactically~*~*~ (hiding).
  3360 | D:5      | 3360 ||| Stepping ~*~*~tactically~*~*~ (hiding).
  3361 | D:5      | 3361 ||| Stepping ~*~*~tactically~*~*~ (hiding).
  3370 | D:5      | Killed Dowan
  3497 | D:5      | 3497 ||| Stepping ~*~*~tactically~*~*~ (hiding).
  3501 | D:5      | Reached skill level 7 in Axes
  3609 | D:5      | 3609 ||| Stepping ~*~*~tactically~*~*~ (stealth).
  3629 | D:5      | Noticed Pikel
  3630 | D:5      | 3630 ||| FLEEEEING.
  3631 | D:5      | 3631 ||| FLEEEEING.
  3632 | D:5      | 3632 ||| FLEEEEING.
  3633 | D:5      | 3633 ||| FLEEEEING.
  3634 | D:5      | 3634 ||| FLEEEEING.
  3635 | D:5      | 3635 ||| FLEEEEING.
  3636 | D:5      | 3636 ||| FLEEEEING.
  3637 | D:5      | 3637 ||| FLEEEEING.
  3638 | D:5      | 3638 ||| FLEEEEING.
  3639 | D:5      | 3639 ||| FLEEEEING.
  3753 | D:5      | HP: 8/44 [lemure[Pikel] (6)]
  3753 | D:5      | HP: 2/44 [lemure[Pikel] (6)]
  3753 | D:5      | Slain by Pikel

Levels and vault maps discovered:
D:1:      dpeg_arrival_lava_altar, layout_basic, serial_curves, eino_curves_04,
          eino_curves_02, nicolae_eternal_life
D:2:      layout_basic, basic_altar, minmay_worlds_worst_comb
D:3:      layout_basic, overflow_temple_1_default,
          mainiacjoe_overflow_cross_hatched, gammafunk_ghost_nasty_kobolds,
          grunt_ministairs_9, minivault_19
D:4:      layout_rooms, lemuel_tele_altar, uniq_sigmund
D:5:      layout_basic, lemuel_doored_altar, uniq_grinder,
          uniq_crazy_yiuf_cottage, uniq_pikel, uniq_duvessa

Skill      XL: |  1  2  3  4  5  6  7 |
---------------+----------------------+-----
Axes           | 2 3 4 5 6 7 |  7.0
Fighting       | 4 5 |  5.0
Dodging        | 1 |  1.0
Armour         | |  3.2
Shields        | |  3.2

Action                     |  1- 3 |  4- 6 |  7- 9 || total
---------------------------+-------+-------+-------++-------
  Melee: War axe           |    95 |   138 |    70 ||   303
    Use: Scroll            |     3 |     7 |     3 ||    13
         Potion            |     1 |     1 |       ||     2
 Armour: Scale mail        |    37 |     6 |       ||    43
         Chain mail        |       |    59 |    43 ||   102
  Dodge: Dodged            |    47 |    46 |    28 ||   121
  Block: Buckler           |    16 |    29 |    15 ||    60

Table legend:
 A = Non-vault XP
 B = Vault XP
 C = Vault XP percentage of total XP
 D = Non-vault monster count
 E = Vault monster count
 F = Vault count percentage of total count
                 A         B        C        D         E       F
            +---------+---------+-------+---------+---------+-------
      Total |     615 |     457 |  42.6 |      89 |       8 |   8.2
            +---------+---------+-------+---------+---------+-------
        D:1 |      34 |       0 |   0.0 |      19 |       0 |   0.0
        D:2 |      68 |       6 |   8.1 |      19 |       3 |  13.6
        D:3 |      71 |      15 |  17.4 |      23 |       2 |   8.0
        D:4 |     286 |     214 |  42.8 |      22 |       1 |   4.3
        D:5 |     156 |     222 |  58.7 |       6 |       2 |  25.0
            +---------+---------+-------+---------+---------+-------
